 Dungeon Crawl Stone Soup version 0.22-a0-223-g0f5d773 (webtiles) character file.

2041 pokedragonboy the Knight (level 9, 0/56 HPs)
             Began as a Gargoyle Fighter on Feb 18, 2018.
             Was a Priest of Okawaru.
             Slain by a killer bee (6 damage)
             ... on level 8 of the Dungeon.
             The game lasted 00:11:55 (6754 turns).

pokedragonboy the Knight (Gargoyle Fighter)         Turns: 6754, Time: 00:11:56

Health: 0/56       AC: 23    Str: 21    XL:     9   Next: 24%
Magic:  14/14      EV:  5    Int: 10    God:    Okawaru [***...]
Gold:   424        SH:  9    Dex: 10    Spells: 8/8 levels left

rFire    . . .     SeeInvis .   a - +0 war axe
rCold    . . .     Gourm    .   c - +0 shield
rNeg     + + .     Faith    .   q - +0 chain mail
rPois    ∞         Spirit   .   i - +0 helmet
rElec    +         Reflect  .   B - +0 cloak
rCorr    +         Harm     .   b - +1 pair of gloves
MR       .....                  s - +0 pair of boots
Stlth    ..........             (no amulet)
HPRegen  0.18/turn              u - ring of positive energy
MPRegen  0.14/turn              E - ring of resist corrosion

@: no status effects
A: negative energy resistance 1, electricity resistance, unbreathing,
petrification resistance, rot immunity, AC +6
a: Heroism, Renounce Religion


You were on level 8 of the Dungeon.
You worshipped Okawaru.
Okawaru was most pleased with you.
You were not hungry.

You visited 2 branches of the dungeon, and saw 9 of its levels.

You collected 424 gold pieces.

Inventory:

Hand Weapons
 a - a +0 war axe (weapon)
Armour
 b - a +1 pair of gloves (worn)
 c - a +0 shield (worn)
 i - a +0 helmet (worn)
 q - a +0 chain mail (worn)
 s - a +0 pair of boots (worn)
 B - a +0 cloak (worn)
Jewellery
 u - a ring of positive energy (left hand)
 E - a ring of resist corrosion (right hand)
Wands
 x - a wand of paralysis (9)
Scrolls
 e - 2 scrolls of fog
 h - 2 scrolls of amnesia
 j - 5 scrolls of teleportation
 m - a scroll of magic mapping
 o - a scroll of noise {unknown}
 p - a scroll of random uselessness {unknown}
 y - a scroll of immolation {unknown}
 A - 2 scrolls of remove curse
 C - 4 scrolls of identify
 F - a scroll of enchant weapon {unknown}
Potions
 d - 4 potions of might
 g - a potion of resistance
 k - 3 potions of ambrosia
 l - a potion of lignification
 n - 4 potions of curing
 r - 2 potions of brilliance {unknown}
 t - a potion of degeneration {unknown}
 v - 2 potions of heal wounds
 w - 2 potions of agility {unknown}
 z - a potion of haste {unknown}
Comestibles
 f - 12 rations


   Skills:
 + Level 6.8 Fighting
 + Level 5.7 Axes
 + Level 6.7 Armour
 - Level 3.2 Shields
 * Level 7.2 Invocations


You had 8 spell levels left.
You didn't know any spells.

Dungeon Overview and Level Annotations

Branches:
Dungeon (8/15)             Temple (1/1) D:4
   Lair: D:8-11

Altars:
Ashenzari
Cheibriados
Dithmenos
Elyvilon
Fedhas
Hepliaklqana
Kikubaaqudgha
Makhleb
Nemelex Xobeh
Okawaru
Qazlal
Ru
Sif Muna
Trog
Uskayaw
Vehumet
Wu Jian
Xom
Yredelemnul
Zin
The Shining One

Shops:
D:6 [


Innate Abilities, Weirdness & Mutations

You are resistant to torment.
Your stone body is resilient. (AC +6)
You are immune to poison.
You resist negative energy. (rN+)
You are resistant to electric shocks. (rElec)
You can survive without breathing.
You are immune to petrification.
You are immune to rotting.


Message History

The killer bee is almost dead.
You block the killer bee's attack. The killer bee closely misses you.
The killer bee stings you but does no damage.
You closely miss the killer bee.
The killer bee is severely wounded.
The killer bee stings you but does no damage. x2
You closely miss the killer bee.
The killer bee is severely wounded.
The killer bee stings you but does no damage.
The killer bee barely misses you. The killer bee stings you.
* * * LOW HITPOINT WARNING * * *
You barely miss the killer bee.
The killer bee is severely wounded.
The killer bee stings you.
* * * LOW HITPOINT WARNING * * *
The killer bee barely misses you.
You closely miss the killer bee.
The killer bee is severely wounded.
The killer bee stings you.
You die...

##..#.# ......
#..#.# #..#.# #
.# #..#.#.#
...##.<#.#.###.
##..).#().....?
..........#.####
###.####@## #
#y# #o# #.# ...
... ... )....


You could see a killer bee and an orc.

Vanquished Creatures
  Grinder (D:5)
  A water moccasin (D:8)
  An ice beast (D:5)
  A centaur (D:5)
  The ghost of Crimsoncloak the Conjurer, an amateur OpCj (D:6)
  A big kobold (D:6)
  5 bullfrogs
  A scorpion (D:6)
  2 killer bees (D:8)
  3 crimson imps
  3 bullfrog zombies (D:7)
  A centaur zombie (D:7)
  A centaur skeleton (D:4)
  An orc priest (D:3)
  3 hounds
  2 iguanas (D:4)
  7 orc wizards
  5 worker ants
  A hound zombie (D:5)
  4 gnolls (D:6)
  5 adders
  A shadow imp (D:7)
  2 oozes (D:3)
  A worm (D:6)
  5 leopard geckos
  21 orcs
  12 giant cockroaches
  7 hobgoblins
  5 quokkas
  10 bats
  3 frilled lizards
  8 goblins
  A jackal zombie (D:5)
  10 kobolds
  A quokka skeleton (D:5)
  10 rats
147 creatures vanquished.

Notes
Turn   | Place    | Note
-------+----------+-------------------------------------------
     0 | D:1      | pokedragonboy the Gargoyle Fighter began the quest for the Orb.
     0 | D:1      | Reached XP level 1. HP: 14/14 MP: 1/1
    86 | D:1      | Reached XP level 2. HP: 16/19 MP: 2/2
   589 | D:1      | Reached XP level 3. HP: 22/23 MP: 3/3
  1661 | D:3      | Reached XP level 4. HP: 27/29 MP: 4/4
  1931 | D:3      | Reached XP level 5. HP: 27/33 MP: 5/5
  2463 | D:4      | Found a staircase to the Ecumenical Temple.
  2496 | Temple   | Entered the Ecumenical Temple
  2742 | Temple   | Became a worshipper of Warmaster Okawaru
  2897 | D:4      | Reached skill level 1 in Invocations
  2897 | D:4      | Reached XP level 6. HP: 28/39 MP: 6/6
  3113 | D:4      | Reached skill level 2 in Invocations
  3303 | D:4      | Found a bloodstained altar of Trog.
  3702 | D:5      | Entered Level 5 of the Dungeon
  4145 | D:5      | Noticed an ice beast
  4159 | D:5      | Killed an ice beast
  4159 | D:5      | Reached * piety under Okawaru
  4159 | D:5      | Reached skill level 3 in Invocations
  4288 | D:5      | Reached XP level 7. HP: 40/44 MP: 9/9
  4371 | D:5      | Reached skill level 5 in Fighting
  4460 | D:5      | Reached skill level 5 in Armour
  4605 | D:5      | Noticed Grinder
  4622 | D:5      | Killed Grinder
  4622 | D:5      | Reached ** piety under Okawaru
  4622 | D:5      | Reached skill level 4 in Invocations
  4816 | D:5      | Reached XP level 8. HP: 50/50 MP: 11/11
  4940 | D:6      | Reached skill level 5 in Invocations
  5034 | D:6      | Reached skill level 5 in Axes
  5354 | D:6      | You fall through a shaft!
  5362 | D:7      | Reached skill level 6 in Invocations
  5428 | D:7      | Reached *** piety under Okawaru
  5967 | D:6      | Noticed Crimsoncloak's ghost (amateur OpCj)
  5980 | D:6      | Killed Crimsoncloak's ghost
  6009 | D:6      | Found Ythuprin's Armour Boutique.
  6048 | D:6      | Reached XP level 9. HP: 56/56 MP: 13/13
  6661 | D:8      | Reached skill level 7 in Invocations
  6754 | D:8      | Slain by a killer bee

Vault maps used:
D:1:      eino_arrival_cavern_e, st_stairs_3
D:2:      minmay_tall_x
D:3:      serial_forest, infiniplex_forest_clump_double,
          infiniplex_forest_lined_corner, infiniplex_forest_clump_tiny,
          infiniplex_forest_clump_tiny, infiniplex_forest_end_double,
          infiniplex_forest_corner_2, first_ration,
          minmay_randomly_rotated_circles
D:4:      temple_fountains, trog_three_pillars_becter
D:5:      kennysheep_dice, uniq_grinder
D:6:      cheibrodos_quashed, serial_shops, shop, tso_altar
D:8:      lemuel_ice_spiral_2, nicolae_gozag_cash_rules_everything_around_me,
          minmay_lair_entry_lava
Temple:   roderic_octagonal_lattice_temple

Skill      XL: |  1  2  3  4  5  6  7  8  9 |
---------------+----------------------------+-----
Axes           | 2 3 4 5 |  5.7
Fighting       | 4 5 6 |  6.8
Armour         | 4 5 6 |  6.7
Invocations    | 1 3 4 6 7 |  7.2
Shields        | |  3.2

Action                   |  1- 3 |  4- 6 |  7- 9 || total
-------------------------+-------+-------+-------++-------
Melee: War axe           |   152 |   192 |   409 ||   753
Invok: Heroism           |       |       |     1 ||     1
  Use: Scroll            |     2 |     5 |     4 ||    11
  Eat: Chunk             |     3 |     8 |     9 ||    20
Armor: Scale mail        |   114 |     7 |       ||   121
       Chain mail        |       |   140 |   309 ||   449
Dodge: Dodged            |    68 |    34 |    84 ||   186
Block: Shield            |   115 |   115 |   206 ||   436

Table legend:
 A = Spawn XP
 B = Non-spawn XP
 C = Spawn XP percentage of total XP
 D = Spawn monster count
 E = Non-spawn monster count
 F = Spawn count percentage of total count
 G = Total turns spent on level
                    A         B        C        D         E        F      G
               +---------+---------+-------+---------+---------+-------+---------
         Total |       0 |    2916 |   0.0 |       0 |     147 |   0.0 |  6754
               +---------+---------+-------+---------+---------+-------+---------
           D:1 |       0 |      41 |   0.0 |       0 |      25 |   0.0 |   978
           D:2 |       0 |      34 |   0.0 |       0 |      20 |   0.0 |   676
           D:3 |       0 |     127 |   0.0 |       0 |      24 |   0.0 |   658
           D:4 |       0 |     208 |   0.0 |       0 |      14 |   0.0 |  1285
           D:5 |       0 |     790 |   0.0 |       0 |      23 |   0.0 |   992
           D:6 |       0 |     884 |   0.0 |       0 |      21 |   0.0 |  1138
           D:7 |       0 |     430 |   0.0 |       0 |      12 |   0.0 |   649
           D:8 |       0 |     402 |   0.0 |       0 |       8 |   0.0 |   111
               +---------+---------+-------+---------+---------+-------+---------
